 Dungeon Crawl Stone Soup version 0.18.1-5-g4a78601 (webtiles) character file.

1271 Loki the Sneak (level 8, -1/39 HPs)
             Began as a Vine Stalker Enchanter on May 10, 2016.
             Was a Believer of Okawaru.
             Killed by divine providence
             ... invoked by an orc priest
              (12 damage)
             ... on level 6 of the Dungeon.
             The game lasted 00:25:40 (4927 turns).

Loki the Sneak (Vine Stalker Enchanter)             Turns: 4927, Time: 00:25:41

Health: -1/39      AC:  6    Str: 11    XL:     8   Next: 53%
Magic:  0/15       EV: 13    Int: 15    God:    Okawaru [**....]
Gold:   253        SH:  0    Dex: 17    Spells: 4 memorised, 6 levels left

rFire  . . .     SeeInvis .     a - +1 dagger
rCold  . . .     Gourm    .     h - +0 leather armour (curse)
rNeg   . . .     Faith    .     (no shield)
rPois  .         Spirit   +     l - +1 helmet
rElec  .         Dismiss  .     D - +0 cloak
rCorr  .         Reflect  .     (no gloves)
SustAt .         Harm     .     (no boots)
MR     +....                    (no amulet)
Stlth  ++++......               (no ring)
                                (no ring)

@: somewhat resistant to hostile enchantments, stealthy
A: fangs 3, regeneration 2, magic shield, antimagic bite, no device heal 3, rot
immunity
a: Heroism, Renounce Religion


You were on level 6 of the Dungeon.
You worshipped Okawaru.
Okawaru was pleased with you.
You were hungry.

You visited 1 branch of the dungeon, and saw 6 of its levels.

You collected 253 gold pieces.

Inventory:

Hand Weapons
 a - a +1 dagger (weapon)
 j - a cursed -2 short sword
 B - a +4 quarterstaff of chaos
 F - a +2 whip of pain
Missiles
 J - a throwing net (quivered)
Armour
 b - a +1 robe
 h - a cursed +0 leather armour (worn)
 l - a +1 helmet (worn)
 D - a +0 cloak (worn)
 K - a +0 shield
Jewellery
 g - a +2 ring of dexterity {unknown}
 y - an uncursed ring of poison resistance {unknown}
Wands
 m - a wand of lightning (1/15)
 M - a wand of lightning (8/15)
Scrolls
 e - 2 scrolls of amnesia {unknown}
 n - a scroll of magic mapping {unknown}
 p - 7 scrolls of identify {unknown}
 q - a scroll of fear {unknown}
 r - 2 scrolls of teleportation {unknown}
 s - 2 scrolls of remove curse {unknown}
 u - a scroll of noise {unknown}
 E - a scroll of random uselessness {unknown}
 G - a scroll of enchant armour {unknown}
 I - a scroll of recharging {unknown}
Potions
 f - a potion of invisibility {unknown}
 i - a potion of flight {unknown}
 k - a potion of brilliance {unknown}
 o - a potion of cure mutation {unknown}
 t - a potion of curing {unknown}
 v - a potion of cancellation {unknown}
 x - a potion of magic {unknown}
 A - a potion of lignification {unknown}
 C - a potion of agility {unknown}
 L - 2 potions of mutation {unknown}
Books
 c - a book of Maledictions

   Spells                             Type                      Level
   a - Corona                         Hexes                        1
   b - Ensorcelled Hibernation        Hexes/Ice                    2
   c - Confuse                        Hexes                        3
   d - Tukima's Dance                 Hexes                        3
   e - Dazzling Spray                 Conjuration/Hexes            3
Comestibles
 d - 4 bread rations
 w - a meat ration
 z - a beef jerky
 H - 8 fruits
 N - a slice of pizza


   Skills:
 + Level 2.6 Fighting
 + Level 2.2 Short Blades
 + Level 2.9 Dodging
 * Level 7.7 Stealth
 + Level 4.0 Spellcasting
 * Level 5.7 Hexes
 + Level 2.9 Invocations


You had 6 spell levels left.
You knew the following spells:

 Your Spells              Type           Power        Failure   Level  Hunger
a - Corona                Hex            ###....      2%          1    None
c - Confuse               Hex            ###.....     10%         3    ###....
d - Tukima's Dance        Hex            ###.....     10%         3    ###....
h - Ensorcelled Hibernat  Hex/Ice        ##....       14%         2    ##.....


Dungeon Overview and Level Annotations

Branches:
Dungeon (6/15)             Temple (0/1) D:4

Altars:
Kikubaaqudgha
Nemelex Xobeh
Okawaru
Pakellas
Qazlal
Xom
Yredelemnul
The Shining One

Annotations:
D:4 exclusion: ogre


Innate Abilities, Weirdness & Mutations

You have razor-sharp teeth.
You heal very quickly.
When hurt, damage is shared between your health and your magic reserves.
Your bite disrupts and absorbs the magic of your enemies.
Potions and wands cannot restore your health.
You are immune to rotting.


Message History

Okay, then.
Read which item? (? for menu, Esc to quit)
Okay, then.
Casting: Confuse
Confirm with . or Enter, or press ? or * to list all spells.
Aiming: Confuse
Press: ? - help, Shift-Dir - straight line, f - giant frog
Aim: a giant frog (chance to defeat MR: 50%)
The giant frog appears confused.
Casting: Confuse
Confirm with . or Enter, or press ? or * to list all spells.
You don't have enough magic to cast that spell.
Read which item? (? for menu, Esc to quit)
Okay, then.
The ball python zombie closely misses you. x2
The howler monkey hoots and howls with incredible vigour!
You hear a shout!
The orc priest invokes the aid of Beogh against you.
Beogh smites you!
You die...

#.......# #.......# #......
###...#########.##### #.##.##
#.........#.......######.##.##
##....##....)###.#.##.....##...
.......>.....#.# #.#.##.....#####
<......J.......###...).(....#####
.............h.....#.##..........
..........o..hZ......##.....#####
..#.....#...h.#.@.######...## #
#.#.###.#o###.#...# ###'''### #
#hh)h.#.....#...# ##.......## #
..#..o..#..)...# #..≈...≈..# #
=###c#o###.#......##..≈.≈.≈.≈..##
.Jh..#.....#.....##..≈...≈...≈..#
..#..(o(#.......##..≈.≈.≈.≈.≈.≈..
#)###.#......##..≈...≈...≈...≈.
#.....#......#..≈.≈.≈.≈.≈.≈.≈.≈


You could see a howler monkey, a hound, an orc priest and a ball python zombie.

Vanquished Creatures
  A phantom (D:5)
  The ghost of CrazyArbalest the Bolt Thrower, an amateur MiHu of Okawaru (D:3)
  3 centaurs
  2 giant frogs
  A gnoll sergeant (D:5)
  A scorpion (D:4)
  A water moccasin skeleton (D:4)
  A wight (D:6)
  An electric eel (D:6)
  A howler monkey (D:5)
  A crimson imp (D:5)
  A centaur zombie (D:5)
  A hound (D:5)
  A jelly (D:5)
  2 giant frog zombies (D:5)
  An orc priest (D:3)
  Crazy Yiuf (D:4)
  A hound zombie (D:5)
  A worker ant zombie (D:5)
  7 gnolls
  2 adders
  A shadow imp (D:5)
  A white imp (D:6)
  2 worms
  A dart slug (D:4)
  3 giant geckos
  10 orcs
  8 bats
  4 giant cockroaches
  8 goblins
  6 hobgoblins
  4 jackals (D:3)
  7 kobolds
  A quokka (D:5)
  A ball python (D:3)
  2 giant newts
  3 goblin zombies (D:6)
  3 hobgoblin zombies (D:6)
  A kobold skeleton (D:6)
  A kobold zombie (D:6)
  An orc skeleton (D:6)
  4 rats
104 creatures vanquished.

Notes
Turn   | Place    | Note
--------------------------------------------------------------
     0 | D:1      | Loki the Vine Stalker Enchanter began the quest for the Orb.
     0 | D:1      | Reached XP level 1. HP: 9/9 MP: 4/4
   248 | D:1      | Reached XP level 2. HP: 13/13 MP: 6/6
   373 | D:1      | Reached skill level 4 in Stealth
   381 | D:1      | Learned a level 2 spell: Ensorcelled Hibernation
   888 | D:2      | Reached XP level 3. HP: 16/16 MP: 7/7
  1215 | D:2      | Learned a level 3 spell: Confuse
  1313 | D:2      | Found a sparkling altar of Nemelex Xobeh.
  1433 | D:2      | Found an iron altar of Okawaru.
  1441 | D:2      | Became a worshipper of Warmaster Okawaru
  1873 | D:3      | Noticed a giant frog
  1945 | D:3      | Reached XP level 4. HP: 21/21 MP: 4/9
  2102 | D:3      | Reached skill level 5 in Stealth
  2210 | D:3      | Reached skill level 1 in Fighting
  2245 | D:3      | Noticed CrazyArbalest's ghost (amateur MiHu)
  2349 | D:3      | Killed CrazyArbalest's ghost
  2349 | D:3      | Reached XP level 5. HP: 19/25 MP: 3/10
  2452 | D:3      | Reached skill level 1 in Invocations
  2563 | D:3      | Gained mutation: You heal very quickly. [Vine Stalker growth]
  2563 | D:3      | Reached XP level 6. HP: 29/30 MP: 6/11
  2701 | D:3      | Reached * piety under Okawaru
  2825 | D:4      | Found a staircase to the Ecumenical Temple.
  2879 | D:4      | Reached skill level 6 in Stealth
  3119 | D:4      | Reached skill level 1 in Short Blades
  3282 | D:4      | Noticed Crazy Yiuf
  3293 | D:4      | Killed Crazy Yiuf
  3293 | D:4      | Reached XP level 7. HP: 34/34 MP: 10/12
  3416 | D:5      | Entered Level 5 of the Dungeon
  3959 | D:5      | Reached skill level 5 in Hexes
  4078 | D:5      | Reached skill level 7 in Stealth
  4252 | D:5      | Found a shimmering altar of Xom.
  4253 | D:5      | Found a stormy altar of Qazlal.
  4254 | D:5      | Found a basalt altar of Yredelemnul.
  4280 | D:5      | Reached ** piety under Okawaru
  4308 | D:5      | Gained mutation: You have razor-sharp teeth. [Vine Stalker growth]
  4308 | D:5      | Reached XP level 8. HP: 39/39 MP: 14/14
  4445 | D:5      | Found an oddly glowing altar of Pakellas.
  4470 | D:5      | Found an ancient bone altar of Kikubaaqudgha.
  4705 | D:6      | Learned a level 3 spell: Tukima's Dance
  4747 | D:6      | Found a glowing golden altar of the Shining One.
  4927 | D:6      | Killed from afar by an orc priest

Skill      XL: |  1  2  3  4  5  6  7  8 |
---------------+-------------------------+-----
Stealth        | 4 5 6 7 |  7.7
Fighting       | 1 2 |  2.6
Hexes          | 4 5 |  5.7
Spellcasting   | 3 4 |  4.0
Invocations    | 1 2 |  2.9
Dodging        | 2 |  2.9
Short Blades   | 1 2 |  2.2

Action                   |  1- 3 |  4- 6 |  7- 9 || total
-------------------------+-------+-------+-------++-------
Melee: Dagger            |    90 |   127 |   169 ||   386
       Bite              |    16 |    35 |    59 ||   110
 Cast: Corona            |    14 |     4 |     3 ||    21
       Ensorcelled Hiber |     6 |     9 |    14 ||    29
       Confuse           |       |    12 |    24 ||    36
 Stab: Sleeping          |    13 |    12 |    14 ||    39
       Confused          |       |     5 |     6 ||    11
  Eat: Chunk             |     3 |     7 |     8 ||    18
Armor: Robe              |     3 |       |       ||     3
       Leather armour    |    16 |    23 |    55 ||    94
Dodge: Dodged            |    41 |    57 |    93 ||   191
